 Dungeon Sprint DCSS version 0.24-a0-459-g225fefd530 (webtiles) character file.

Game seed: 17333691893299939157

3112 wilfster70 the Severer (level 9, -31/88 (89) HPs)
             Began as a Hill Orc Fighter on June 28, 2019.
             Was a Believer of Qazlal.
             Killed from afar by a crystal guardian (35 damage)
             ... with a crystal bolt
             ... in the Dungeon (Sprint II: "The Violet Keep of Menkaure").
             The game lasted 00:03:08 (1316 turns).

wilfster70 the Severer (Hill Orc Fighter)           Turns: 1316, Time: 00:03:09

HP:   -31/88 (89)   AC:  8    Str: 21    XL:     9   Next: 91%
MP:   9/9           EV: 12    Int:  8    God:    Qazlal [**....]
Gold: 1053          SH: 15    Dex: 11    Spells: 8/8 levels left

rFire    . . .     SeeInvis .   a - +0 war axe
rCold    . . .     Gourm    .   c - +0 shield
rNeg     . . .     Faith    .   b - +0 scale mail
rPois    .         Spirit   .   (no helmet)
rElec    .         Reflect  .   (no cloak)
rCorr    .         Harm     .   (no gloves)
MR       .....     NoTele   +   (no boots)
Stlth    +.........             (no amulet)
HPRegen  0.24/turn              (no ring)
MPRegen  0.11/turn              (no ring)

@: no status effects
A: no striking features
a: Upheaval, Renounce Religion


You were in the Dungeon.
You worshipped Qazlal.
Qazlal was pleased with you.
You were very hungry.

You visited 1 branch You collected 1053 gold pieces.

Inventory:

Hand Weapons
 a - a +0 war axe (weapon)
Armour
 b - a +0 scale mail (worn)
 c - a +0 shield (worn)
Scrolls
 k - a scroll of blinking
Potions
 h - a potion of haste
 i - 2 potions of magic
Comestibles
 f - a ration


   Skills:
 + Level 11.2 Fighting
 * Level 15.6 Axes
 + Level 10.4 Armour
 + Level 7.3 Dodging
 + Level 4.9 Stealth
 + Level 10.3 Shields


You had 8 spell levels left.
You didn't know any spells.
Your spell library was empty.

Dungeon Overview and Level Annotations

Branches:
Dungeon (1/1)

Altars:
Cheibriados
Dithmenos
Elyvilon
Fedhas
Gozag
Hepliaklqana
Kikubaaqudgha
Makhleb
Nemelex Xobeh
Okawaru
Qazlal
Ru
Sif Muna
Trog
Uskayaw
Vehumet
Wu Jian
Xom
Yredelemnul
Zin
The Shining One
Beogh
Jiyva
Lugonu


Message History

You hear a hideous shriek! x4
The flying skull gives a hideous shriek!
You hear a hideous shriek! x2
You hear a hideous shriek! x3
You enter the shallow water.
Moving in this stuff is going to be slow.
A bolt shoots out and hits you!
A crystal guardian comes into view.
There is a bolt trap here.
You enter the shallow water.
Moving in this stuff is going to be slow.
The crystal guardian fires a crystalline bolt at you.
The crystal bolt freezes you!! The crystal guardian hits you!!
* * * LOW HITPOINT WARNING * * *
You slash the crystal guardian!
The crystal guardian is moderately damaged.
The crystal guardian fires a crystalline bolt at you.
The crystal bolt freezes you!!
You die... ##+##..# #^ .# ##..###.#### +.##. #..##.#....# ...# ###.#.####..## #..# .# %$!$%

.###'# #.##..# +..# .#▓%%!($
..##.##.#.#..# #..# .#▓)!$$?
##†.<.'###'..####^.##.#▓%??)!$
..##.##.#.#....###...##▓▓▓▓▓▓▓
.###'###.##..§..@8≈≈≈≈≈≈≈≈≈≈≈≈
###...####≈≈..§○.≈#)########+###
#..#).#≈≈≈≈≈≈≈§§≈#.._._._.#§§§##
##...##≈≈≈≈≈≈§≈.≈#._._._..#≈§≈§#
##+##≈≈≈≈≈≈≈§≈≈≈#_._._._.#t§§§≈
≈≈≈≈§≈≈≈≈§§§§#._._._._#t§§§≈
+++#§≈≈≈§≈§≈≈#.._._._.#≈≈§§≈
##≈§≈###≈≈#..._._._#≈≈§§≈ ##≈≈
#≈≈#...._._.#§≈§§≈


You could see a crystal guardian.

Vanquished Creatures
  2 death drakes (D)
  A merfolk siren (D)
  A yaktaur (D)
  3 polar bears (D)
  A hornet (D)
  2 hippogriffs (D)
  A swamp drake (D)
  A crocodile (D)
  4 worker ants (D)
  3 worms (D)
19 creatures vanquished.

Vanquished Creatures (others)
  Menkaure (D)
  A swamp drake (D)
  A crocodile (D)
3 creatures vanquished.

Grand Total: 22 creatures vanquished

Notes
Turn   | Place    | Note
-------+----------+-------------------------------------------
     0 | D        | wilfster70 the Hill Orc Fighter began the quest for the
                  | Orb.
     0 | D        | Reached XP level 1. HP: 19/19 MP: 1/1
    13 | D        | Killed a crocodile
    14 | D        | Reached skill level 3 in Axes
    21 | D        | Reached skill level 4 in Axes
    21 | D        | Reached XP level 2. HP: 13/27 MP: 2/2
    26 | D        | Reached skill level 1 in Dodging
   211 | D        | Noticed a merfolk siren
   230 | D        | Killed a merfolk siren
   230 | D        | Reached skill level 10 in Axes
   230 | D        | Reached XP level 3. HP: 39/39 MP: 3/3
   230 | D        | Reached XP level 4. HP: 47/47 MP: 4/4
   230 | D        | Reached XP level 5. HP: 52/52 MP: 5/5
   230 | D        | Reached XP level 6. HP: 60/60 MP: 6/6
   243 | D        | Noticed a hippogriff
   243 | D        | Noticed a hippogriff
   254 | D        | Killed a hippogriff
   254 | D        | Reached skill level 11 in Axes
   254 | D        | Reached XP level 7. HP: 39/68 MP: 7/7
   260 | D        | Killed a hippogriff
   260 | D        | Reached skill level 12 in Axes
   260 | D        | Reached skill level 5 in Dodging
   431 | D        | Killed Menkaure
   511 | D        | Found a roughly hewn altar of Beogh.
   512 | D        | Found a hazy altar of Hepliaklqana.
   512 | D        | Found a snail-covered altar of Cheibriados.
   513 | D        | Found a stormy altar of Qazlal.
   513 | D        | Found a viscous altar of Jiyva.
   513 | D        | Found a shadowy altar of Dithmenos.
   514 | D        | Found a sacrificial altar of Ru.
   514 | D        | Found an ancient bone altar of Kikubaaqudgha.
   514 | D        | Found a white marble altar of Elyvilon.
   515 | D        | Found an ornate altar of the Wu Jian Council.
   515 | D        | Found a deep blue altar of Sif Muna.
   515 | D        | Found a corrupted altar of Lugonu.
   516 | D        | Found a shimmering altar of Xom.
   516 | D        | Found a bloodstained altar of Trog.
   516 | D        | Found a burning altar of Makhleb.
   517 | D        | Found a glowing golden altar of the Shining One.
   517 | D        | Found a basalt altar of Yredelemnul.
   517 | D        | Found a hide-covered altar of Uskayaw.
   518 | D        | Found a glowing silver altar of Zin.
   518 | D        | Found a radiant altar of Vehumet.
   518 | D        | Found a blossoming altar of Fedhas.
   518 | D        | Found a sparkling altar of Nemelex Xobeh.
   518 | D        | Noticed a hornet
   518 | D        | Noticed a polar bear
   518 | D        | Noticed a polar bear
   518 | D        | Noticed a polar bear
   519 | D        | Found an opulent altar of Gozag.
   519 | D        | Found an iron altar of Okawaru.
   519 | D        | Noticed a yaktaur
   523 | D        | Became a worshipper of Qazlal Stormbringer
   541 | D        | Killed a polar bear
   541 | D        | Reached skill level 13 in Axes
   541 | D        | Reached skill level 1 in Stealth
   541 | D        | Reached XP level 8. HP: 47/78 MP: 8/8
   542 | D        | Killed a polar bear
   547 | D        | Killed a polar bear
   547 | D        | Reached * piety under Qazlal
   555 | D        | Killed a hornet
   555 | D        | Reached skill level 10 in Fighting
   555 | D        | Reached skill level 14 in Axes
   555 | D        | Reached XP level 9. HP: 35/85 MP: 9/9
   561 | D        | Killed a yaktaur
   837 | D        | Noticed a death drake
   853 | D        | Reached ** piety under Qazlal
   859 | D        | HP: 4/86 [death drake (5)]
   865 | D        | Killed a death drake
   865 | D        | Reached skill level 15 in Axes
   865 | D        | Reached skill level 10 in Armour
   865 | D        | Reached skill level 10 in Shields
  1216 | D        | Noticed a death drake
  1235 | D        | Killed a death drake
  1306 | D        | Noticed a crystal guardian
  1315 | D        | HP: 4/88 [crystal guardian (26)]
  1316 | D        | Killed from afar by a crystal guardian

Levels and vault maps discovered:
D:        the_violet_keep_of_menkaure [sprint2_stairs_cluster_1,
          sprint2_shoproom, sprint2_temple, sprint2_basic_supplies,
          sprint2_obstacle_6, sprint2_obstacle_3, sprint2_obstacle_1,
          sprint2_obstacle_5, sprint2_obstacle_4, sprint2_timed_cluster_1,
          sprint2_smallroom_cluster_1, sprint2_smallroom_final_cluster_1,
          sprint2_transparent_cluster_1, sprint2_second_timed_cluster_1,
          sprint2_sniper_area_1, sprint2_heavy_combat_area_1,
          sprint2_mutation_trap_area_1, sprint2_forest_area_1,
          sprint2_light_combat_area_1, sprint2_behind_water_1,
          sprint2_near_end_vault_1]

Skill      XL: |  1  2  3  4  5  6  7  8  9 |
---------------+----------------------------+-----
Axes           | 4 10 11 13 14 15 | 15.6
Fighting       | 4 7 8 9 10 11 | 11.2
Dodging        | 4 5 6 7 |  7.3
Armour         | 7 8 9 10 | 10.4
Shields        | 7 8 9 10 | 10.3
Stealth        | 1 3 4 |  4.9

Action                   |  1- 3 |  4- 6 |  7- 9 || total
-------------------------+-------+-------+-------++-------
Melee: War axe           |    36 |     9 |    94 ||   139
  Use: Potion            |       |       |     4 ||     4
Armor: Scale mail        |       |     4 |    25 ||    29
Dodge: Dodged            |     5 |     6 |    36 ||    47
Block: Shield            |    10 |    10 |    62 ||    82

Table legend:
 A = Non-vault XP
 B = Vault XP
 C = Vault XP percentage of total XP
 D = Non-vault monster count
 E = Vault monster count
 F = Vault count percentage of total count
                 A         B        C        D         E       F
            +---------+---------+-------+---------+---------+-------
      Total |       0 |    4446 | 100.0 |       0 |      20 | 100.0
            +---------+---------+-------+---------+---------+-------
          D |       0 |    4446 | 100.0 |       0 |      20 | 100.0
            +---------+---------+-------+---------+---------+-------
